 Dungeon Crawl Stone Soup version 0.30-a0-142-g7370640ec8 (webtiles) character file.

Game seed: 2768711864418617916

1152 Ghostare the Cleaver (level 8, -2/70 HPs)
             Began as a Hill Orc Berserker on Sept 26, 2022.
             Was a Believer of Trog (penitent).
             Slain by a black bear (6 damage)
             ... created by the rage of Trog
             ... on level 5 of the Dungeon.
             The game lasted 00:39:57 (5194 turns).

Ghostare the Cleaver (Hill Orc Berserker)           Turns: 5194, Time: 00:40:01

Health: -2/70      AC:  8    Str: 22    XL:     8   Next: 38%
Magic:  8/8        EV: 10    Int:  7    God:    Trog [**....]
Gold:   73         SH:  0    Dex: 10    Spells: 7/7 levels left

rFire   . . .      SeeInvis +    k - +0 war axe
rCold   . . .      Faith    .    (no shield)
rNeg    . . .      Spirit   .    n - +0 scale mail
rPois   .          Reflect  .    (no helmet)
rElec   .          Harm     .    i - +0 cloak
rCorr   .          Rampage  .    (no gloves)
Will    .....                    (no boots)
Stlth   ..........               (no amulet)
HPRegen 0.21/turn                e - ring of see invisible
MPRegen 0.11/turn                (no ring)

@: about to teleport, studying Fire Magic
A: no striking features
a: Renounce Religion


You were on level 5 of the Dungeon.
You worshipped Trog.
Trog was demanding penance.
You visited 1 branch of the dungeon, and saw 5 of its levels.

You collected 139 gold pieces.
You spent 66 gold pieces at shops.

Inventory:

Hand Weapons
 a - a +2 vorpal hand axe
 c - a +1 sling
 d - a +0 scythe
 k - a +0 war axe (weapon)
Armour
 i - a +0 cloak (worn)
 n - a +0 scale mail (worn)
Jewellery
 e - a ring of see invisible (left hand)
Wands
 q - a wand of roots (10)
Scrolls
 l - a scroll of teleportation
 t - a scroll of immolation
 w - a scroll of enchant weapon
Potions
 f - a potion of attraction
 g - 4 potions of heal wounds
 h - 2 potions of curing
 j - a potion of magic {unknown}
 m - 2 potions of resistance
 o - a potion of brilliance {unknown}
 p - a potion of lignification {unknown}
 r - a potion of haste {unknown}
 s - a potion of mutation {unknown}
Miscellaneous
 u - a condenser vane


   Skills:
 + Level 5.7 Fighting
 + Level 8.9 Axes
 + Level 1.6 Ranged Weapons
 + Level 5.7 Armour
 + Level 3.1 Dodging
 + Level 0.7 Stealth
 + Level 0.4 Evocations


You had 7 spell levels left.
You didn't know any spells.
Your spell library contained the following spells:

 Spells                   Type           Power      Damage    Failure   Level
 Blink                    Tloc           0%         N/A       86%         2
 Lesser Beckoning         Tloc           0%         N/A       98%         3
 Manifold Assault         Tloc           0%         N/A       100%        4


Dungeon Overview and Level Annotations

Branches:
Dungeon (5/15)
 Temple: D:4-7

Altars:
Elyvilon
Xom

Shops:
D:1 ?   D:3 *


Message History

You feel better.
The orc warrior hits you with a +0 trident!
* * * LOW HITPOINT WARNING * * *
You slash the orc warrior!
You kill the orc warrior!
Trog accepts your kill.
You completely miss the orc. The orc hits you with a +0 mace.
* * * LOW HITPOINT WARNING * * *
You slash the orc!
You kill the orc!
Trog accepts your kill.
You slash the orc!
You kill the orc!
Trog accepts your kill.
You start resting.
Trog sends monsters to punish you. 2 black bears and 2 polar bears come into view.
There are monsters nearby!
There are monsters nearby!
You slash the black bear!
The black bear is moderately wounded.
You hit the polar bear. You hit the black bear.
The black bear is heavily wounded.
You barely miss the polar bear. The black bear bites you!
* * * LOW HITPOINT WARNING * * *
The black bear claws you but does no damage.
The black bear claws you.
* * * LOW HITPOINT WARNING * * *
The polar bear completely misses you.
The polar bear claws you but does no damage.
The polar bear misses you.
There are monsters nearby!
As you read the scroll of teleportation, it crumbles to dust.
You feel strangely unstable. The black bear bites you!
* * * LOW HITPOINT WARNING * * *
The black bear claws you but does no damage.
The black bear misses you. The black bear closely misses you.
The black bear claws you.
You die...

..........
...........##.......
...........
#......... #...##..
......##....##....#
#...##.. .....##
#........# ..
#...#..# ..#..#
##.......#
#.##.....## .##..#
#..###...#
#.......## ## .# #.
###)# ##......# # #
.# #h## #.....## # #
#@h# ##....#### ###
.. ##h# ###.....##.
..#...#
#h#####..........
....#
##.......#...####.
###.#
#####..####.##...#
## # .. #.....##
#.##..## # #.
#####.# ##.#..# #.#
#.#..# #.# ###.## #


You could see 2 polar bears and 2 black bears.

Vanquished Creatures
  Sigmund (D:4)
  The ghost of splatterpode the Cutter, an amateur OpBe of Trog (D:4)
  A water moccasin (D:3)
  An orc warrior (D:5)
  2 ogres (D:5)
  A bullfrog (D:4)
  2 necrophages
  A scorpion (D:5)
  A hound (D:4)
  3 iguanas
  A gnoll (D:3)
  6 adders
  2 worms
  3 dart slugs
  5 orcs
  7 bats
  6 endoplasms
  A giant cockroach (D:2)
  2 goblins (D:3)
  3 hobgoblins
  7 jackals (D:2)
  7 kobolds
  9 quokkas
  8 ball pythons
  6 frilled lizards
  4 rats
91 creatures vanquished.

Vanquished Creatures (others)
  A goblin (D:3)
  2 bats (D:3)
  A kobold (D:3)
  12 plants (D:2)
  14 withered plants (D:2)
30 creatures vanquished.

Grand Total: 121 creatures vanquished

Notes
Turn   | Place    | Note
-------+----------+-------------------------------------------
     0 | D:1      | Ghostare the Hill Orc Berserker began the quest for the
                  | Orb.
     0 | D:1      | Reached XP level 1. HP: 19/19 MP: 1/1
   237 | D:1      | Reached XP level 2. HP: 12/27 MP: 2/2
   446 | D:1      | Found Wuruic's Magic Scroll Boutique.
   489 | D:1      | Bought a scroll of identify for 22 gold pieces
   839 | D:2      | Reached XP level 3. HP: 33/33 MP: 3/3
   967 | D:2      | Reached ** piety under Trog
  1163 | D:2      | Found a faded altar of an unknown god.
  1748 | D:3      | Reached skill level 5 in Axes
  1748 | D:3      | Reached skill level 1 in Ranged Weapons
  1780 | D:3      | Reached XP level 4. HP: 40/40 MP: 4/4
  1848 | D:3      | Noticed a water moccasin
  1856 | D:3      | Killed a water moccasin
  1857 | D:3      | Reached XP level 5. HP: 46/46 MP: 5/5
  1971 | D:3      | Found Joyxt's General Store.
  1990 | D:3      | Bought a scroll of identify for 22 gold pieces
  1990 | D:3      | Bought a scroll of identify for 22 gold pieces
  2183 | D:3      | Found a shimmering altar of Xom.
  2248 | D:3      | Found a white marble altar of Elyvilon.
  2750 | D:4      | Reached skill level 6 in Axes
  2750 | D:4      | Reached XP level 6. HP: 46/53 MP: 6/6
  3020 | D:5      | Entered Level 5 of the Dungeon
  3035 | D:5      | Noticed an orc warrior
  3135 | D:5      | Reached XP level 7. HP: 60/60 MP: 7/7
  3160 | D:5      | Reached skill level 7 in Axes
  3240 | D:5      | Reached skill level 5 in Fighting
  3681 | D:4      | Noticed splatterpode's ghost (amateur OpBe)
  3681 | D:4      | Noticed Sigmund
  3681 | D:4      | Found a runed translucent door.
  3702 | D:4      | Killed Sigmund
  3708 | D:4      | Reached skill level 8 in Axes
  3714 | D:4      | Killed splatterpode's ghost
  3715 | D:4      | Reached skill level 5 in Armour
  3715 | D:4      | Reached XP level 8. HP: 27/69 MP: 8/8
  4593 | D:4      | Was placed under penance by Trog
  4596 | D:4      | Learned a level 2 spell: Blink
  5192 | D:5      | Noticed a polar bear
  5192 | D:5      | Noticed a polar bear
  5194 | D:5      | Slain by a black bear

Illustrated notes

Levels and vault maps discovered:
D:1:      saegor_arrival_simple_b, layout_basic, serial_shops, shop
D:2:      layout_loops_ring, shapermc_ecumenical_altar_flowoftime
D:3:      layout_loops_ring, old_standard_altar, xom_confusion_cloud,
          serial_shops, nicolae_shop_crystal, minmay_misc_feat_chi
D:4:      layout_basic, nicolae_overflow_hidden_temple,
          ebering_ghost_inner_flame, minmay_stone_trees_small, uniq_sigmund
D:5:      layout_layer_cave, kennysheep_generic_room_14

Skill      XL: |  1  2  3  4  5  6  7 |
---------------+----------------------+-----
Fighting       | 4 5 |  5.7
Axes           | 5 6 8 |  8.9
Ranged Weapons | 1 |  1.6
Dodging        | 2 3 |  3.1
Armour         | 3 4 5 |  5.7
Stealth        | |  0.7
Evocations     | |  0.4

Action                   |  1- 3 |  4- 6 |  7- 9 || total
-------------------------+-------+-------+-------++-------
Melee: Hand axe          |    81 |    79 |    16 ||   176
       Punch             |     1 |       |       ||     1
       War axe           |       |       |    75 ||    75
 Fire: Sling             |    26 |       |       ||    26
Invok: Berserk           |     1 |     2 |     2 ||     5
Evoke: Wand              |     4 |       |       ||     4
  Use: Scroll            |     8 |     2 |     5 ||    15
       Potion            |       |       |     3 ||     3
Armor: Animal skin       |    24 |       |       ||    24
       Ring mail         |     9 |     1 |       ||    10
       Skin              |     6 |       |       ||     6
       Leather armour    |     2 |       |       ||     2
       Scale mail        |       |    23 |    30 ||    53
Dodge: Dodged            |    69 |    37 |    38 ||   144

Table legend: (Time is in decaauts)
 A = Elapsed time spent in this place.
 B = Non-inter-level travel time spent in this place.
 C = Inter-level travel time spent in this place.
 D = Time resting spent in this place.
 E = Time spent auto-exploring this place.
 F = Levels seen in this place.
 G = Mean time per level.
                   A        B        C        D        E       F      G
               +--------+--------+--------+--------+--------+-----+--------+
         Total |   5263 |   5149 |    114 |   1649 |    477 |   5 | 1052.6 |
       Dungeon |   5263 |   5149 |    114 |   1649 |    477 |   5 | 1052.6 |
               +--------+--------+--------+--------+--------+-----+--------+

Top non-repeatable levels by time:
     D:4: 1249 daAuts
     D:5: 1226 daAuts
     D:3: 1057 daAuts
     D:2: 922 daAuts
     D:1: 807 daAuts
